 Dungeon Crawl Stone Soup version 0.30-a0-715-gdb4ae3ece1 (console) character file.

Game seed: 14078096374170064854

281013 Banquo the Eclecticist (level 21, -11/182 HPs)
             Began as a Djinni Fire Elementalist on Jan 23, 2023.
             Was a High Priest of Ashenzari.
             Mangled by a +2 scimitar of holy wrath (21 damage)
             ... animated by a halazid warlock
             ... in the Desolation of Salt on Jan 26, 2023.
             The game lasted 05:05:13 (41290 turns).

Banquo the Eclecticist (Djinni Fire Elementalist)  Turns: 41290, Time: 05:05:14

Health: -11/182    AC: 11    Str:  7    XL:     21   Next: 36%
Gold:   3375       EV: 22    Int: 25    God:    Ashenzari [*****.] SH: 16 Dex: 15

rFire   + + +      SeeInvis +    b - staff of air
rCold   . . .      Faith    .    i - +2 kite shield of the Lashed Burden {reflect, Self, Melee} (curse)
rNeg    . . .      Spirit   .    d - +0 troll leather armour of Ashenzari's Portent {Regen+, Self, Melee} (curse)
rPois   ∞          Reflect  +    h - +2 hat of Ashenzari's Sorrow {Self, Range} (curse)
rElec   +          Harm     .    e - scarf "Behold Eternity" {repulsion, Evo, Self} (curse)
rCorr   .          Rampage  .    g - +3 pair of gauntlets of War {Slay+5, Fort, Self} (curse)
Will    +....      Clarity  +    (boots unavailable)
Stlth   ++                       q - amulet of Compulsion {rF+ Regen+}
HPRegen 2.10/turn                C - ring of the Prophetic Shame {rC+, Self, Evo} (curse)
MPRegen 0.00/turn                w - ring of Ashenzari's Mistrust {EV+5, Self, Evo} (curse)

@: weak-willed, flying, repel missiles
A: sickness immunity, fire resistance 2, cold vulnerability 1, float, innate
caster, HP casting, extra vitality 1, clumsy 1
}: 2/15 runes: serpentine, barnacled
a: Renounce Religion, Shatter the Chains


You were in the Desolation of Salt.
You worshipped Ashenzari.
Ashenzari was extremely pleased with you.
You visited 7 branches of the dungeon, and saw 34 of its levels.
You visited the Abyss 1 time.
You visited 1 bazaar.
You also visited: Ossuary, Gauntlet and Desolation.

You collected 5368 gold pieces.
You spent 1993 gold pieces at shops.

Inventory:

Hand Weapons
 a - the +9 hammer "Wiego" {speed, rF+}
   (You found it on level 6 of the Dungeon)

   rF:        It protects you from fire.
 t - the +6 eveningstar of Disues {freeze, rCorr}
   (You bought it in a shop on level 4 of the Snake Pit)

   rCorr:     It protects you from acid and corrosion.
 y - a +8 broad axe of electrocution
 A - the +0 whip of the Rat {heavy, rF+ rCorr}
   (You found it in the Desolation of Salt)

   rF:        It protects you from fire.
   rCorr:     It protects you from acid and corrosion.
 L - the +8 hammer of Magnificence {flame, rPois rCorr}
   (You found it on level 6 of the Dungeon)

   rPois:     It protects you from poison.
   rCorr:     It protects you from acid and corrosion.
Missiles
 R - 12 throwing nets
 S - 12 boomerangs of dispersal
Armour
 d - the cursed +0 troll leather armour of Ashenzari's Portent (worn) {Regen+, Self, Melee}
   (You found it on level 11 of the Dungeon)

   Regen:     It increases your rate of health regeneration.
   It has a curse which improves the following skills: Introspection: Fighting
   and Spellcasting.
   Melee Combat: Short Blades, Long Blades, Axes, Maces & Flails, Polearms,
   Staves and Unarmed Combat.
 e - the cursed scarf "Behold Eternity" (worn) {repulsion, Evo, Self}
   (You found it in a Gauntlet)

   It has a curse which improves the following skills: Evocations: Evocations.
   Introspection: Fighting and Spellcasting.
 g - the cursed +3 pair of gauntlets of War (worn) {Slay+5, Fort, Self}
   (You found it in a Gauntlet)

   Slay:      It affects your accuracy & damage with ranged weapons and melee
   (+5).
   It has a curse which improves the following skills: Fortitude: Armour and
   Shields.
   Introspection: Fighting and Spellcasting.
 h - the cursed +2 hat of Ashenzari's Sorrow (worn) {Self, Range}
   (You found it on level 7 of the Dungeon)

   It has a curse which improves the following skills: Introspection: Fighting
   and Spellcasting.
   Ranged Combat: Ranged Weapons and Throwing.
 i - the cursed +2 kite shield of the Lashed Burden (worn) {reflect, Self, Melee}
   (You took it off a tengu warrior on level 15 of the Dungeon)

   It has a curse which improves the following skills: Introspection: Fighting
   and Spellcasting.
   Melee Combat: Short Blades, Long Blades, Axes, Maces & Flails, Polearms,
   Staves and Unarmed Combat.
 u - +2 fire dragon scales
Magical Staves
 b - a staff of air (weapon)
 O - a staff of conjuration
Jewellery
 q - the amulet of Compulsion (around neck) {rF+ Regen+}
   (You took it off a servant of whispers in the Desolation of Salt)

   [amulet of regeneration]

   rF:        It protects you from fire.
   Regen:     It increases your rate of health regeneration.
 w - the cursed ring of Ashenzari's Mistrust (right hand) {EV+5, Self, Evo}
   (You found it on level 2 of the Dungeon)

   [ring of evasion]

   EV:        It affects your evasion (+5).
   It has a curse which improves the following skills: Introspection: Fighting
   and Spellcasting.
   Evocations: Evocations.
 C - the cursed ring of the Prophetic Shame (left hand) {rC+, Self, Evo}
   (You found it on level 4 of the Dungeon)

   [ring of protection from cold]

   rC:        It protects you from cold.
   It has a curse which improves the following skills: Introspection: Fighting
   and Spellcasting.
   Evocations: Evocations.
 W - a ring of wizardry
Wands
 z - a wand of acid (17)
 D - a wand of digging (5)
 H - a wand of iceblast (6)
 V - a wand of mindburst (16)
Scrolls
 l - 2 scrolls of butterflies
 m - 9 scrolls of magic mapping
 n - 22 scrolls of teleportation
 p - a scroll of brand weapon
 r - 7 scrolls of poison
 s - 4 scrolls of blinking
 v - 9 scrolls of fog
 x - 5 scrolls of fear
Potions
 c - 5 potions of berserk rage
 f - 5 potions of brilliance
 k - 7 potions of ambrosia
 B - 14 potions of haste
 G - 9 potions of might
 I - 2 potions of resistance
 J - a potion of cancellation
 N - 4 potions of invisibility
 T - 15 potions of curing
 Z - 15 potions of heal wounds
Miscellaneous
 j - a lightning rod (4/4)
 o - a condenser vane
 K - a phantom mirror
 M - a box of beasts


   Skills:
 - Level 17.2(25.1) Fighting
 - Level 10.5(14.0) Maces & Flails
 - Level 5.7(8.0) Armour
 * Level 13.2 Dodging
 - Level 1.5 Stealth
 - Level 15.0(17.2) Shields
 - Level 17.2(25.1) Spellcasting
 * Level 7.8(12.3) Evocations


You had 13 spell levels left.
You knew the following spells:

 Your Spells              Type           Power      Damage    Failure   Level
a - Sting                 Tmut/Pois      100%       1d8       0%          1
b - Scorch                Fire           100%       2d10      0%          2
c - Confusing Touch       Hex            100%       N/A       0%          3
e - Enfeeble              Hex            51%        N/A       1%          7
f - Kindle Blastsparks    Fire/Tloc/Air  100%       2d18      0%          3
g - Gell's Gravitas       Tloc           100%       N/A       0%          3
i - Call Imp              Summ           100%       N/A       0%          2
l - Summon Lightning Spi  Summ/Air       100%       N/A       0%          4
m - Malign Gateway        Summ/Tloc      51%        N/A       1%          7
n - Eringya's Noxious Bo  Tmut/Pois      51%        N/A       0%          6
s - Simulacrum            Ice/Necr       51%        N/A       0%          6
w - Flame Wave            Conj/Fire      100%       2d21      0%          4
y - Yara's Violent Unrav  Hex/Tmut       51%        3d20      0%          5
z - Foxfire               Conj/Fire      100%       2x1d9     0%          1
L - Inner Flame           Hex/Fire       100%       N/A       0%          3
Your spell library was empty.

Dungeon Overview and Level Annotations

Branches:
Dungeon (15/15)            Temple (1/1) D:7            Lair (5/5) D:11
 Shoals (4/4) Lair:3        Snake (4/4) Lair:3        Slime (0/5) Lair:5
    Orc (2/2) D:10            Elf (0/3) Orc:2        Vaults (3/5) D:13
  Crypt (0/3) Vaults:2     Depths (0/4) D:15        Ossuary (visited)
Desolation (1/1)          Gauntlet (visited)

Altars:
Ashenzari
Cheibriados
Dithmenos
Elyvilon
Fedhas
Gozag
Hepliaklqana
Makhleb
Nemelex Xobeh
Okawaru
Qazlal
Ru
Trog
Uskayaw
Wu Jian
Xom
Yredelemnul
Zin
The Shining One
Jiyva

Shops:
D:5 =   D:6 (   D:7 [   D:10 *   D:13 *(((   Orc:2 =[((   Shoals:3 (
Snake:1 *=!:   Snake:4 **   Vaults:2 *

Annotations:
Vaults:1 2 transporters, 3 runed translucent doors, exclusion: obsidian statue, Foasmeck's ghost, veteran MiFi; Quini's ghost, adept DjFE


Innate Abilities, Weirdness & Mutations

You are immune to sickness and miasma.
You are immune to poison.
Your flesh is very heat resistant. (rF++)
You are vulnerable to cold. (rC-)
You float through the air rather than walking.
You learn spells naturally, not from books.
Your magical power is your life essence.
You have superior vitality. (+4 MHP)
You are clumsy. (Dex -2)


Message History

The +5 short sword of draining hits you!
* * * LOW HITPOINT WARNING * * *
The peacekeeper roars a battlecry!
The saltling goes into a battle-frenzy!
Unknown command.
A wave of flame ripples out!
The flame wave engulfs the imperial myrmidon!!
You kill the imperial myrmidon!
The flame wave engulfs the +5 short sword of draining.
The +5 short sword of draining resists.
The +5 short sword of draining is severely damaged.
The flame wave engulfs the +2 scimitar of holy wrath.
The +2 scimitar of holy wrath resists.
The +2 scimitar of holy wrath is heavily damaged.
The flame wave engulfs the peacekeeper.
The peacekeeper completely resists.
The peacekeeper is heavily damaged.
The flame wave engulfs the peacekeeper!
The peacekeeper resists.
The peacekeeper is severely damaged.
The flame wave engulfs the guardian serpent!
The guardian serpent is moderately wounded.
The flame wave engulfs the peacekeeper.
The peacekeeper resists.
The peacekeeper is heavily damaged.
The flame wave engulfs the saltling!
The saltling is severely damaged.
The flame wave engulfs the servant of whispers!
The servant of whispers is lightly wounded.
* * * LOW HITPOINT WARNING * * *
You finish channelling waves of flame.
You block the +2 scimitar of holy wrath's attack.
The +5 short sword of draining hits you!
* * * LOW HITPOINT WARNING * * *
The peacekeeper completely misses you.
The peacekeeper claws you but does no damage.
A saltling comes into view.
The peacekeeper bites you!
* * * LOW HITPOINT WARNING * * *
The peacekeeper completely misses you.
You block the guardian serpent's attack.
The +2 scimitar of holy wrath hits you!!
You die...

..* ∆*...........#........#......
...####...§§.....##.....###8...#.
.....#...§§§.#....#..............
.........§§§......#v.##..........
.L9w.....§§§.....##...=.###8.)...
..(.....#§§§§.#..#.....{}.#..).).
.........§§§§...9#..####..#......
...........§§.aS9#.##...###.)..#.
..........§9§.9(@................
...........§§..(.9...............
.................................
#################################
,###############################
,,###############################
,, ,########################## ,
,, ,###################### , ,,
,, , ,,, , ,


You could see a servant of whispers, 3 peacekeepers, a guardian serpent, 2
saltlings and 2 dancing weapons.

Vanquished Creatures
  Zenata (Vaults:1)
  Frances (Snake:1)
  2 tentacled starspawn (Abyss:3)
  The ghost of Wacat the Cleaver, an adept TrFi of Uskayaw (Snake:4)
  A kraken (Shoals:1)
  A sphinx (Vaults:1)
  Kirke (Snake:2)
  A nagaraja (Snake:4)
  Ilsuiw (Shoals:4)
  A vault warden (Vaults:2)
  An imperial myrmidon (Desolation)
  A cacodemon (Gauntlet)
  3 ironbound preservers
  A minotaur (Gauntlet)
  A halazid warlock (Desolation)
  Snorg (D:10)
  A crystal guardian (Desolation)
  A jiangshi (Vaults:2)
  4 merfolk impalers
  5 yaktaur captains
  A great orb of eyes (Vaults:2)
  Erolcha (D:13)
  A servant of whispers (Desolation)
  2 anacondas (Snake:3)
  A peacekeeper (Desolation)
  2 hydras
  An ironbound frostheart (Vaults:1)
  2 ragged hierophants (Desolation)
  11 centaur warriors
  4 two-headed ogres
  A merfolk avatar (Shoals:1)
  A satyr (Shoals:4)
  5 naga warriors
  4 naga sharpshooters
  10 death yaks
  2 tengu warriors
  7 shock serpents
  A thrashing horror (Abyss:3)
  Urug (D:10)
  A salamander mystic (Snake:3)
  3 skeletal warriors
  5 deep trolls
  3 sea snakes
  An ironbound convoker (Vaults:2)
  5 lindwurms
  4 orc knights
  2 necromancers
  4 deep elf pyromancers
  Pikel (D:6)
  A wizard (Vaults:2)
  4 harpies
  2 mana vipers
  4 oklob plants (Lair:4)
  3 manticores
  18 ugly things
  9 elephants
  4 cyclopes
  12 black mambas
  5 salamanders
  A moth of wrath (shapeshifter) (D:13)
  6 naga magi
  4 fauns
  2 merfolk sirens (Shoals:1)
  A black mamba (shapeshifter) (Gauntlet)
  Maurice (D:9)
  A water nymph (Shoals:4)
  2 guardian serpents
  4 gargoyles
  5 cane toads
  A kobold demonologist (D:13)
  A komodo dragon (shapeshifter) (D:13)
  4 yaktaurs (Vaults:1)
  2 unseen horrors
  3 rime drakes
  6 komodo dragons
  2 tengu conjurers (D:15)
  4 trolls
  6 merfolk
  A blink frog (Lair:3)
  A tarantella (Vaults:1)
  A wind drake (Shoals:2)
  A hornet (D:9)
  2 large abominations (Gauntlet)
  19 saltlings (Desolation)
  A snapping turtle (Lair:5)
  7 dream sheep
  8 slime creatures
  Sigmund (D:2)
  A ynoxinul (Abyss:3)
  A yak (shapeshifter) (D:15)
  19 yaks
  A spriggan (shapeshifter) (D:13)
  3 shadows
  2 wyverns
  A wraith (D:9)
  Grum (D:9)
  2 steam dragons
  2 basilisks
  2 hogs (Snake:2)
  2 vampire mosquitoes (D:15)
  A neqoxec (Gauntlet)
  4 wargs (Orc:1)
  18 nagas
  2 acid dragons
  Edmund (D:4)
  3 water moccasins
  A black bear (D:6)
  33 orc warriors
  16 centaurs
  5 ice beasts
  11 ogres
  13 wolves
  A lemure (D:5)
  4 phantoms
  2 kobold brigands
  8 bullfrogs
  2 elf zombies (Ossuary)
  2 gnoll sergeants
  4 scorpions
  A wight (D:8)
  6 small abominations
  17 killer bees
  A centaur zombie (Ossuary)
  4 howler monkeys (D:9)
  7 hounds
  Crazy Yiuf (D:6)
  4 gnoll boudas
  11 orc priests
  Jessica (D:2)
  3 iguanas
  17 orc wizards
  2 mummies (Ossuary)
  20 gnolls
  6 adders
  2 shadow imps
  6 white imps
  5 ufetubi
  An adder zombie (Ossuary)
  5 worms
  A dart slug (D:1)
  42 orcs
  6 bats
  9 endoplasms
  4 giant cockroaches
  8 goblins
  5 hobgoblins
  8 jackals
  6 kobolds
  5 quokkas
  11 ball pythons
  3 frilled lizards
  A goblin zombie (Ossuary)
  7 hobgoblin zombies (Ossuary)
  3 jackal zombies (Ossuary)
  8 kobold zombies (Ossuary)
  13 orc zombies (Ossuary)
  5 rats
  A rat zombie (Ossuary)
  2 bushes (Lair:4)
713 creatures vanquished.

Vanquished Creatures (collateral kills)
  The ghost of LetschGu the Bludgeoner, an adept TrMo of Ru (Shoals:2)
  An ancient champion (Vaults:2)
  A kraken (Shoals:3)
  Gastronok (D:10)
  The ghost of Heedrag the Severer, an adept MiFi of Okawaru (Shoals:4)
  An eldritch tentacle (Shoals:4)
  A sphinx (Vaults:2)
  Agnes (Snake:3)
  4 nagarajas
  3 vault wardens (Vaults:1)
  Aizul (Lair:3)
  2 imperial myrmidons (Desolation)
  2 ironbound preservers (Vaults:2)
  3 ironbound thunderhulks
  A very ugly thing (Vaults:2)
  A dire elephant (D:15)
  7 merfolk impalers
  A deep elf death mage (Vaults:2)
  5 merfolk javelineers (Shoals:4)
  An entropy weaver (Vaults:1)
  2 yaktaur captains
  3 ragged hierophants (Desolation)
  A rakshasa (D:13)
  4 servants of whispers (Desolation)
  2 great orbs of eyes (Vaults:1)
  A hydra (Lair:3)
  7 merfolk aquamancers
  3 ironbound frosthearts
  6 centaur warriors
  4 peacekeepers
  7 anacondas
  A boulder beetle (Lair:5)
  6 merfolk avatars
  3 two-headed ogres
  An alligator snapping turtle (Shoals:4)
  A satyr (Shoals:4)
  8 naga warriors
  A catoblepas (Gauntlet)
  2 tengu warriors
  9 naga sharpshooters
  5 shock serpents
  A dancing weapon (Shoals:4)
  2 death yaks (Lair:4)
  5 skeletal warriors
  A glowing orange brain (Vaults:1)
  11 deep trolls
  17 sea snakes
  A naga ritualist (Snake:4)
  An obsidian statue (Snake:4)
  6 lindwurms (Vaults:1)
  A wizard (Vaults:1)
  A phantasmal warrior (Vaults:2)
  2 ironbound convokers (Vaults:1)
  An orc knight (Orc:1)
  3 mana vipers
  11 harpies
  6 fauns
  2 oklob plants (Lair:4)
  7 cyclopes
  12 salamanders
  A salamander (shapeshifter) (D:14)
  8 manticores
  10 ugly things
  4 slime creatures
  6 elephants
  7 guardian serpents (Snake:4)
  6 merfolk sirens
  3 water nymphs
  6 vault sentinels
  18 black mambas
  5 cane toads
  7 naga magi
  Psyche (D:9)
  Maggie (D:6)
  A gargoyle (Gauntlet)
  A freezing wraith (D:15)
  A kobold demonologist (D:13)
  11 yaktaurs
  7 komodo dragons
  A rime drake (D:11)
  2 tengu conjurers
  6 wind drakes
  4 trolls
  3 polar bears
  28 merfolk
  10 saltlings (Desolation)
  4 blink frogs (Lair:3)
  10 dream sheep
  7 snapping turtles
  6 water elementals
  15 yaks
  A wraith (D:12)
  A basilisk (Lair:5)
  A steam dragon (Lair:5)
  2 redbacks (Vaults:1)
  4 vampire mosquitoes (D:15)
  An acid dragon (D:9)
  2 water moccasins
  28 nagas
  2 ice beasts (D:11)
  8 orc warriors
  2 ogres (D:10)
  10 wolves
  5 centaurs
  2 bullfrogs
  A kobold brigand (D:13)
  A gnoll sergeant (D:10)
  A small abomination (Gauntlet)
  A howler monkey (D:9)
  2 jellies (Lair:5)
  2 orc priests
  An iguana (Lair:1)
  4 orc wizards (Orc:1)
  4 gnolls
  13 orcs
  An endoplasm (Lair:5)
  2 kobolds (D:13)
  25 foxfires
  3 plants (Shoals:4)
537 creatures vanquished.

Vanquished Creatures (others)
  18 eldritch tentacles
  A wizard (Vaults:2)
  2 ugly things (Vaults:2)
  A saltling (Desolation)
  An orc wizard (D:8)
  An orc (D:8)
  9 demonic plants (D:4)
  1274 foxfires
  20 fungi
  245 plants
  5 starspawn tentacles (Abyss:3)
  16 tentacles
1593 creatures vanquished.

Grand Total: 2843 creatures vanquished

Notes
Turn   | Place    | Note
-------+----------+-------------------------------------------
     0 | D:1      | Banquo the Djinni Fire Elementalist began the quest for the
                  | Orb.
     0 | D:1      | Banquo set off with the following spells memorised:
                  | Foxfire, Scorch, Kindle Blastsparks, Inner Flame, Flame
                  | Wave.
     0 | D:1      | Reached XP level 1. HP: 15/15 MP: 0/0
   194 | D:1      | Reached XP level 2. HP: 19/22 MP: 0/0
   322 | D:1      | Reached XP level 3. HP: 23/26 MP: 0/0
   322 | D:1      | Learned a level 1 spell: Sting
   351 | D:1      | Reached skill level 1 in Fighting
   738 | D:2      | Noticed Jessica
   742 | D:2      | Killed Jessica
   743 | D:2      | Reached XP level 4. HP: 27/32 MP: 0/0
   936 | D:2      | Noticed Sigmund
   953 | D:2      | Killed Sigmund
   954 | D:2      | Reached XP level 5. HP: 28/39 MP: 0/0
   954 | D:2      | Learned a level 2 spell: Call Imp
   954 | D:2      | Reached XP level 6. HP: 33/45 MP: 0/0
  1361 | D:2      | You are sucked into a shaft and drop 1 floor!
  2478 | D:4      | Reached skill level 5 in Spellcasting
  2478 | D:4      | Reached XP level 7. HP: 24/49 MP: 0/0
  2478 | D:4      | Learned a level 3 spell: Confusing Touch
  2575 | D:4      | Found a sand-covered staircase.
  2597 | Ossuary  | Entered an ossuary
  2820 | Ossuary  | Reached skill level 1 in Armour
  3330 | D:4      | Found an ornate altar of the Wu Jian Council.
  3391 | D:4      | Reached XP level 8. HP: 51/56 MP: 0/0
  3709 | D:4      | Noticed Edmund
  3723 | D:4      | Killed Edmund
  3876 | D:5      | Entered Level 5 of the Dungeon
  4657 | D:5      | Found Xuoz Qaivve's Jewellery Emporium.
  5214 | D:5      | Reached XP level 9. HP: 58/62 MP: 0/0
  5214 | D:5      | Learned a level 3 spell: Gell's Gravitas
  5335 | D:5      | Found Xuoz Qaivve's Jewellery Emporium.
  6141 | D:6      | Found Maipe's Hydra Hut.
  6148 | D:6      | Noticed a four-headed hydra
  6619 | D:6      | Noticed Pikel
  6795 | D:6      | Noticed Maggie
  6803 | D:6      | Killed Maggie
  6804 | D:6      | Reached skill level 5 in Dodging
  7004 | D:6      | Killed Pikel
  7005 | D:6      | Reached skill level 5 in Fighting
  7005 | D:6      | Reached XP level 10. HP: 61/70 MP: 0/0
  7088 | D:6      | Found a runed translucent door.
  7089 | D:6      | Identified the +8 hammer of Magnificence {flame, rPois
                  | rCorr}
  7089 | D:6      | Noticed Crazy Yiuf
  7091 | D:6      | Identified the +9 hammer "Wiego" {speed, rF+}
  7410 | D:7      | Found Miptekke's Armour Emporium.
  7465 | D:7      | Found a staircase to the Ecumenical Temple.
  7482 | Temple   | Entered the Ecumenical Temple
  7644 | Temple   | Became a worshipper of Ashenzari the Shackled
  7943 | D:7      | Found a snail-covered altar of Cheibriados.
  8373 | D:8      | Noticed a deep elf pyromancer
  8374 | D:8      | Noticed a centaur warrior
  8382 | D:8      | Killed a deep elf pyromancer
  8384 | D:8      | Killed a centaur warrior
  9241 | D:8      | Reached XP level 11. HP: 47/76 MP: 0/0
  9241 | D:8      | Learned a level 4 spell: Summon Lightning Spire
  9609 | D:9      | Noticed a two-headed ogre
  9618 | D:9      | Killed a two-headed ogre
  9619 | D:9      | Reached skill level 10 in Spellcasting
  9698 | D:9      | Noticed a two-headed ogre
  9709 | D:9      | Killed a two-headed ogre
  9864 | D:9      | Reached * piety under Ashenzari
  9926 | D:9      | Noticed Grum
  9947 | D:9      | Killed Grum
 10188 | D:9      | Noticed Maurice
 10197 | D:9      | Killed Maurice
 10662 | D:9      | Noticed Psyche
 10668 | D:9      | Killed Psyche
 10851 | D:9      | Noticed a two-headed ogre
 10856 | D:9      | Noticed a two-headed ogre
 11016 | D:9      | Noticed a green ugly thing
 11027 | D:9      | Killed a green ugly thing
 11030 | D:9      | Killed a two-headed ogre
 11031 | D:9      | Reached XP level 12. HP: 52/88 MP: 0/0
 11032 | D:9      | Killed a two-headed ogre
 11205 | D:9      | Identified the +2 scale mail of Decompression {rElec rPois
                  | Str-3}
 11256 | D:10     | Entered Level 10 of the Dungeon
 11256 | D:10     | Noticed Snorg
 11256 | D:10     | Found Qoxubb's Assorted Antiques.
 11366 | D:9      | Reached ** piety under Ashenzari
 11759 | D:10     | Noticed Urug
 11771 | D:10     | Killed Urug
 12019 | D:10     | Bought a scroll labelled FYDAMA POFUIT for 33 gold pieces
 12019 | D:10     | Bought a bubbling yellow potion for 29 gold pieces
 12102 | D:10     | Killed Snorg
 12191 | D:10     | Found a staircase to the Orcish Mines.
 12660 | D:6      | Killed Crazy Yiuf
 12825 | Orc:1    | Entered Level 1 of the Orcish Mines
 12843 | D:10     | Reached skill level 1 in Shields
 13176 | D:11     | Noticed Gastronok
 13187 | D:10     | Killed Gastronok
 13436 | D:11     | Noticed a two-headed ogre
 13440 | D:11     | Killed a two-headed ogre
 13595 | D:11     | Found a staircase to the Lair.
 13613 | D:11     | Reached XP level 13. HP: 97/97 MP: 0/0
 13613 | D:11     | Learned a level 5 spell: Yara's Violent Unravelling
 13633 | D:11     | Identified Sif Muna's Papyrus of Guile
 13793 | D:11     | Reached *** piety under Ashenzari
 14209 | Lair:1   | Entered Level 1 of the Lair of Beasts
 14303 | Lair:1   | Reached skill level 1 in Maces & Flails
 14441 | Lair:1   | Reached skill level 5 in Shields
 14668 | Lair:1   | Noticed a five-headed hydra
 14678 | Lair:1   | Killed a five-headed hydra
 14965 | Lair:1   | Reached skill level 10 in Fighting
 15998 | Lair:3   | Found a staircase to the Shoals.
 16285 | Lair:3   | Found a staircase to the Snake Pit.
 16297 | Lair:3   | Noticed a four-headed hydra
 16307 | Lair:3   | Killed a four-headed hydra
 16657 | Lair:3   | Reached XP level 14. HP: 111/111 MP: 0/0
 17263 | Lair:4   | Reached skill level 5 in Maces & Flails
 18839 | Lair:5   | Entered Level 5 of the Lair of Beasts
 18946 | Lair:5   | Found a glowing golden altar of the Shining One.
 19507 | Lair:5   | Reached skill level 10 in Shields
 19617 | Lair:5   | Found a runed translucent door.
 19618 | Lair:5   | Found a viscous altar of Jiyva.
 19621 | Lair:5   | Found a staircase to the Slime Pits.
 19654 | Lair:5   | Reached XP level 15. HP: 117/117 MP: 0/0
 19654 | Lair:5   | Learned a level 6 spell: Eringya's Noxious Bog
 20367 | Lair:5   | Found a glowing golden altar of the Shining One.
 20596 | Lair:5   | Found a runed translucent door.
 20596 | Lair:5   | Found a viscous altar of Jiyva.
 20596 | Lair:5   | Found a staircase to the Slime Pits.
 21222 | D:12     | Found a gate leading to a gauntlet.
 21260 | Gauntlet | Entered a Gauntlet
 21260 | Gauntlet | Found a transporter.
 21263 | Gauntlet | Found a transporter.
 21263 | Gauntlet | Identified the +4 scale mail of Umorgh {Str+5 Int-2 Stlth+}
 21267 | Gauntlet | Found a transporter.
 21272 | Gauntlet | Found a transporter.
 21277 | Gauntlet | Found a transporter.
 21281 | Gauntlet | Found a transporter.
 21286 | Gauntlet | Found a transporter.
 21292 | Gauntlet | Found a transporter.
 21296 | Gauntlet | Found a transporter.
 21301 | Gauntlet | Found a transporter.
 21308 | Gauntlet | Found a transporter.
 21312 | Gauntlet | Found a transporter.
 21312 | Gauntlet | Identified the +1 helmet "Heriuxae" {rPois}
 21317 | Gauntlet | Found a transporter.
 21322 | Gauntlet | Noticed a cacodemon
 21324 | Gauntlet | Found a transporter.
 21326 | Gauntlet | Found the +3 pair of gauntlets of War {Slay+5}
 21596 | Gauntlet | Gained mutation: You are clumsy. (Dex -2) [a neqoxec]
 21610 | Gauntlet | Killed a cacodemon
 21671 | Gauntlet | Reached **** piety under Ashenzari
 21696 | Gauntlet | Identified the Grimoire of Metamorphic Malisons
 22264 | D:11     | Acquired 1214 gold pieces
 22538 | Orc:2    | Entered Level 2 of the Orcish Mines
 23079 | Orc:2    | Found Hoxtiata's Armour Boutique.
 23079 | Orc:2    | Found Fosocvabb's Antique Weapon Emporium.
 23081 | Orc:2    | Found Pepsael's Antique Weapon Shoppe.
 23083 | Orc:2    | Found Zukomo's Jewellery Shop.
 23265 | Orc:2    | Found a staircase to the Elven Halls.
 23652 | D:13     | Found Giagoin's Antique Weapon Shop.
 23656 | D:13     | Noticed Erolcha
 23663 | D:13     | Killed Erolcha
 23696 | D:13     | Found Aboskoss's Weapon Shop.
 23746 | D:13     | Reached XP level 16. HP: 130/130 MP: 0/0
 23784 | D:13     | Found a gate to the Vaults.
 23885 | D:13     | Found Waihink's Assorted Antiques.
 24155 | D:13     | Found Dig Hec's Antique Weapon Boutique.
 24556 | D:14     | Found a flickering gateway to a bazaar.
 24561 | Bazaar   | Entered a bazaar
 24561 | Bazaar   | Found Husyhe's Distillery.
 24561 | Bazaar   | Found Buemuw's Antique Weapon Boutique.
 24561 | Bazaar   | Found Jakeuvea's Assorted Antiques.
 24561 | Bazaar   | Found Imomaq's Jewellery Shop.
 24563 | Bazaar   | Found Erarauhutu's Distillery.
 24563 | Bazaar   | Found Fintum's Armour Shop.
 24582 | Bazaar   | Bought a steaming mace for 272 gold pieces
 24582 | Bazaar   | Identified the +1 mace "Daiclaoc" {freeze, rN+ Will- SInv}
                  | (You bought it in a shop in a bazaar)
 24596 | Bazaar   | Bought a polished buckler for 313 gold pieces
 24596 | Bazaar   | Identified the +1 buckler "Ufuphes" {Str+3} (You bought it
                  | in a shop in a bazaar)
 24599 | Bazaar   | Bought a potion of brilliance for 48 gold pieces
 24599 | Bazaar   | Bought a potion of curing for 36 gold pieces
 24599 | Bazaar   | Bought a potion of ambrosia for 96 gold pieces
 24599 | Bazaar   | Bought a potion of ambrosia for 96 gold pieces
 24599 | Bazaar   | Bought a potion of ambrosia for 96 gold pieces
 24615 | Bazaar   | Bought a potion of haste for 130 gold pieces
 24615 | Bazaar   | Bought a potion of curing for 39 gold pieces
 24615 | Bazaar   | Bought 2 potions of curing for 78 gold pieces
 24615 | Bazaar   | Bought a potion of heal wounds for 65 gold pieces
 24615 | Bazaar   | Bought a potion of haste for 130 gold pieces
 24615 | Bazaar   | Bought a potion of brilliance for 52 gold pieces
 25166 | D:14     | Reached skill level 15 in Shields
 25726 | D:15     | Entered Level 15 of the Dungeon
 25772 | D:14     | Reached ***** piety under Ashenzari
 26621 | D:15     | Found a staircase to the Depths.
 27029 | Snake:1  | Entered Level 1 of the Snake Pit
 27030 | Snake:1  | Noticed Aizul
 27049 | Lair:3   | Killed Aizul
 27145 | Snake:1  | Noticed Frances
 27150 | Snake:1  | Reached skill level 1 in Evocations
 27154 | Snake:1  | Killed Frances
 27261 | Snake:1  | Found Obbesu's Distillery.
 27261 | Snake:1  | Found Viletuwk's Jewellery Shoppe.
 27262 | Snake:1  | Found Kuphues's Book Emporium.
 27264 | Snake:1  | Found Qariengo's Assorted Antiques.
 27392 | Snake:1  | Reached XP level 17. HP: 141/141 MP: 0/0
 27392 | Snake:1  | Learned a level 6 spell: Simulacrum
 27777 | Snake:2  | Noticed Kirke
 28229 | Snake:2  | Killed Kirke
 29434 | Snake:4  | Entered Level 4 of the Snake Pit
 29442 | Snake:4  | Noticed Agnes
 29456 | Snake:3  | Killed Agnes
 29501 | Snake:3  | Reached skill level 15 in Spellcasting
 29764 | Snake:4  | Reached XP level 18. HP: 134/157 MP: 0/0
 29766 | Snake:4  | Reached skill level 15 in Fighting
 29858 | Snake:4  | Found a runed translucent gate.
 29858 | Snake:4  | Found a runed translucent gate.
 29869 | Snake:4  | Noticed Wacat's ghost (adept TrFi)
 29883 | Snake:4  | Found an opulent altar of Gozag.
 29884 | Snake:4  | Found a runed translucent gate.
 29889 | Snake:4  | Found Nomast's Assorted Antiques.
 30120 | Snake:4  | Got a serpentine rune of Zot
 30338 | Snake:4  | Found Tiumar's Assorted Antiques.
 30625 | Snake:4  | Found Tiumar's Assorted Antiques.
 30725 | Snake:4  | Killed Wacat's ghost
 31347 | Shoals:1 | Entered Level 1 of the Shoals
 31436 | Shoals:1 | Found a transporter.
 31461 | Shoals:1 | Found a transporter.
 31479 | Shoals:1 | Found a transporter.
 31602 | Shoals:1 | Found a transporter.
 31607 | Shoals:1 | Found a transporter.
 31683 | Shoals:1 | Found a transporter.
 31865 | Shoals:1 | Noticed a kraken
 32006 | Shoals:1 | Killed a kraken
 32402 | Shoals:2 | Found a runed translucent door.
 32407 | Shoals:2 | Noticed LetschGu's ghost (adept TrMo)
 32553 | Shoals:2 | Reached XP level 19. HP: 142/168 MP: 0/0
 32553 | Shoals:2 | Learned a level 7 spell: Enfeeble
 33119 | Shoals:3 | Found Rupaost's Antique Weapon Shoppe.
 33930 | Shoals:4 | Entered Level 4 of the Shoals
 34172 | Shoals:4 | Found a runed translucent door.
 34210 | Shoals:4 | Found a shimmering altar of Xom.
 34210 | Shoals:4 | Noticed Heedrag's ghost (adept MiFi)
 34227 | Shoals:4 | Identified the Quarto of Direction
 34332 | Shoals:4 | Noticed Ilsuiw
 34355 | Shoals:4 | Killed Ilsuiw
 34727 | Shoals:4 | Got a barnacled rune of Zot
 35453 | Vaults:1 | Entered Level 1 of the Vaults
 35492 | Vaults:1 | Reached skill level 5 in Evocations
 35854 | Vaults:1 | Reached XP level 20. HP: 178/178 MP: 0/0
 35944 | Vaults:1 | Found a transporter.
 35944 | Vaults:1 | Identified the +0 barding of Insurance {rN+}
 35955 | Vaults:1 | Found a transporter.
 36623 | Vaults:1 | Reached skill level 10 in Maces & Flails
 36773 | Vaults:1 | Noticed Zenata
 36800 | Vaults:1 | Killed Zenata
 36824 | Vaults:1 | Found a runed translucent gate.
 36824 | Vaults:1 | Found a runed translucent gate.
 36824 | Vaults:1 | Found a runed translucent gate.
 36824 | Vaults:1 | Identified the ring of Wiuprel {rElec Will+ Str-2 Int+7
                  | Stlth-}
 36824 | Vaults:1 | Noticed Quini's ghost (adept DjFE)
 36824 | Vaults:1 | Noticed an ancient lich
 36824 | Vaults:1 | Noticed an ancient lich
 36825 | Vaults:1 | Noticed Foasmeck's ghost (veteran MiFi)
 36825 | Vaults:1 | Identified the +0 pair of boots "Xeups" {-Cast rElec rC++
                  | rCorr}
 37583 | Vaults:2 | Reached skill level 5 in Armour
 37988 | Vaults:2 | Found a staircase to the Crypt.
 38148 | Vaults:2 | Reached skill level 10 in Dodging
 38278 | Vaults:2 | Found Nuuluxao's Assorted Antiques.
 38615 | Abyss:3  | Cast into level 3 of the Abyss (vault warden)
 38722 | Vaults:2 | Escaped the Abyss
 38734 | Vaults:2 | Reached XP level 21. HP: 94/184 MP: 0/0
 38734 | Vaults:2 | Learned a level 7 spell: Malign Gateway
 39172 | Shoals:2 | Killed LetschGu's ghost
 39273 | Shoals:4 | Killed Heedrag's ghost
 40146 | Snake:4  | Bought an ichor-stained eveningstar for 480 gold pieces
 40146 | Snake:4  | Identified the +6 eveningstar of Disues {freeze, rCorr}
                  | (You bought it in a shop on level 4 of the Snake Pit)
 40786 | Vaults:3 | Found a crumbling gateway.
 40855 | Desolati | Entered the Desolation of Salt
 41113 | Desolati | Identified the amulet of Compulsion {rF+ Regen+}
 41123 | Desolati | Identified the ring "Yvebeob" {rF+ Dex+2}
 41209 | Desolati | Identified the +0 whip of the Rat {heavy, rF+ rCorr}
 41290 | Desolati | Mangled by a +2 scimitar of holy wrath

Illustrated notes

Levels and vault maps discovered:
D:1:      tekkud_arrival_beachfront_property, layout_rooms, solitary_fountain
D:2:      minmay_inner_zag, layout_basic, uniq_sigmund, uniq_jessica
D:3:      minmay_door_path, layout_basic, grunt_decor_resistance
D:4:      nicolae_cairo_tiling_large_dashed, layout_basic,
          overflow_temple_1_default, cheibrodos_sewer_entry_bend,
          nicolae_ossuary_entry_false_entrances, serial_demonic,
          serial_demonic_b, serial_demonic_b, serial_demonic_d,
          serial_demonic_g, chequers_decorated_corner, uniq_edmund
D:5:      layout_loops_cross, minmay_shop_enchanted_jewellery, grunt_tough_drop
D:6:      layout_loops_ring, doesnt_shop_hydraphobe, uniq_pikel,
          uniq_crazy_yiuf_cottage, uniq_maggie
D:7:      layout_loops_ring, chei_slow_surprise, minmay_temple_entry_large_hall,
          serial_shops, shop
D:8:      nicolae_cairo_tiling, layout_rooms, minmay_manual_monstrance
D:9:      layout_roguey, evilmike_minifort, uniq_psyche, uniq_maurice, uniq_grum
D:10:     layout_loops_ring, kennysheep_orc_monster_closet_entryway,
          serial_shops, nicolae_shop_statue_plus, uniq_urug, uniq_snorg
D:11:     layout_small_grid, hellmonk_lair_entry_icy, uniq_gastronok
D:12:     wander_river, layout_cave_pools, gauntlet_entry_generic
D:13:     layout_irregular_city, david_vaults_2, serial_shops, shop,
          kennysheep_mini_moat, kennysheep_little_box,
          nicolae_shop_bloodbath_and_beyond, uniq_erolcha
D:14:     layout_basic, minmay_misc_feat_hallway, serial_shops, bzr_in_the_mist
D:15:     hangedman_depths_entry_try_elsewhere_first, layout_basic,
          kennysheep_pointless_box, led_sif_pool
Temple:   nicolae_temple_bog_church
Lair:1:   beast_lair_carwin_large_2, layout_cave_pods,
          hangedman_lair_unloving_vines
Lair:2:   layout_loops_ring, beast_lair_carwin_2, lemuel_fruit_fields
Lair:3:   nzn_winding_woodlands_medium [nzn_winding_woodlands_5x5_open_star,
          nzn_winding_woodlands_5x15_twine, nzn_winding_woodlands_5x5_cross,
          nzn_winding_woodlands_5x5_three, nzn_winding_woodlands_center_garden,
          nzn_winding_woodlands_5x5_default, nzn_winding_woodlands_5x5_default,
          nzn_winding_woodlands_5x15_pool,
          nzn_winding_woodlands_5x5_checkerboard], layout_regular_city,
          elwin_shoals_entry_rocks, dummy_snake_entry
Lair:4:   layout_loops_ring, minmay_lair_oklob_items,
          chequers_serial_rivers_room_a, dpeg_oklob_1, lemuel_fruit_tree
Lair:5:   gammafunk_lair_ancient_temple, layout_cave_pods, slime_entry_2,
          basic_altar, grunt_forest_stairs_basic, chequers_serial_rivers_micro_d
Shoals:1: layout_shoals, serial_nicolae_subway, nicolae_sub_station_metal,
          nicolae_sub_station_stone, nicolae_sub_station_crystal
Shoals:2: layout_shoals, ebering_ghost_inner_flame
Shoals:3: layout_shoals, serial_shops, nicolae_shop_hallway_stairs
Shoals:4: shoals_end_grunt_garden, layout_shoals, shoal_ilsuiw,
          ebering_ghost_xom, nicolae_shoals_gull_way
Snake:1:  layout_misc_corridors, special_room, minmay_shoptagon,
          grunt_megastairs_2, uniq_frances, uniq_aizul
Snake:2:  layout_layer_cave, uniq_kirke
Snake:3:  layout_rooms
Snake:4:  grunt_snake_rune_pools, layout_onion, ebering_ghost_gozag, uniq_agnes
Orc:1:    layout_caves
Orc:2:    st_orc_rangers, layout_caves
Vaults:1: gammafunk_ghost_crypt, hangedman_vaults_restitches,
          hangedman_vaults_capsules, v_misc_11, v_misc_16,
          nicolae_vaults_arrows, dpeg_vaults_monster_box, ontoclasm_vaults_spin,
          vaults_mumra_chevron_long, gammafunk_sealed_arena, vaults_room_pools,
          layout_vaults_omnibox, uniq_zenata
Vaults:2: v_misc_18, minmay_crypt_entry_simple_box, v_pattern_5,
          nicolae_vaults_alarming, layout_vaults_quadrants, serial_shops,
          nicolae_shop_temple_entry_statues_fountains
Vaults:3: portal_desolation_entry_twin_temple, ontoclasm_vaults_ring_large,
          hangedman_vaults_nails, ontoclasm_vaults_gateway,
          ontoclasm_vaults_eye, grunt_vaults_funnel, vaults_room_grid,
          layout_vaults_chaotic_city
Desolation

Skill      XL: |  1  2  3  4  5  6  7  8  9 10 11 12 13 14 15 16 17 18 19 20 21 |
---------------+----------------------------------------------------------------+-----
Spellcasting   | 3 4 5 6 8 9 11 12 13 15 16 17 | 17.2
Fighting       | 1 2 3 4 5 6 7 9 10 12 13 14 16 17 | 17.2
Armour         | 1 2 4 5 |  5.7
Dodging        | 3 4 5 6 7 9 11 13 | 13.2
Shields        | 3 6 10 13 15 | 15.0
Maces & Flails | 4 7 10 | 10.5
Evocations     | 1 2 5 7 |  7.8
Stealth        | |  1.5

Action                     |  1- 3 |  4- 6 |  7- 9 | 10-12 | 13-15 | 16-18 | 19-21 || total
---------------------------+-------+-------+-------+-------+-------+-------+-------++-------
  Melee: Mace              |       |       |       |     1 |    85 |     5 |   183 ||   274
         Staff             |       |       |       |       |       |     1 |     8 ||     9
   Cast: Foxfire           |    49 |    69 |   141 |   136 |   182 |   154 |    44 ||   775
         Scorch            |     4 |    28 |    77 |   199 |   366 |   342 |   212 ||  1228
         Kindle Blastspark |       |       |    27 |    18 |     1 |       |       ||    46
         Flame Wave        |       |       |     3 |     8 |    29 |     9 |    24 ||    73
         Sting             |       |       |     2 |       |       |     1 |       ||     3
         Call Imp          |       |       |     2 |     1 |       |     7 |     1 ||    11
         Summon Lightning  |       |       |       |    33 |   118 |   122 |    84 ||   357
         Gell's Gravitas   |       |       |       |       |    28 |     7 |     2 ||    37
         Eringya's Noxious |       |       |       |       |     2 |     7 |       ||     9
         Confusing Touch   |       |       |       |       |     1 |       |     7 ||     8
         Yara's Violent Un |       |       |       |       |       |    47 |     5 ||    52
         Simulacrum        |       |       |       |       |       |   195 |   152 ||   347
         Enfeeble          |       |       |       |       |       |       |    69 ||    69
         Malign Gateway    |       |       |       |       |       |       |    18 ||    18
 Invoke: Curse Item        |       |       |       |     3 |     5 |     4 |       ||    12
         Shatter the Chain |       |       |       |       |     2 |     2 |     1 ||     5
    Use: Scroll            |       |       |       |       |     1 |     1 |     1 ||     3
         Potion            |       |       |       |       |       |       |     1 ||     1
   Stab: Sleeping          |       |       |       |     1 |     1 |       |       ||     2
         Confused          |       |       |       |       |     2 |       |     3 ||     5
         Distracted        |       |       |       |       |     1 |     1 |     4 ||     6
         Betrayed ally     |       |       |       |       |     1 |       |       ||     1
         Invisible         |       |       |       |       |       |       |     5 ||     5
 Armour: Robe              |     2 |       |     1 |       |       |       |       ||     3
         Ring mail         |       |       |     3 |    28 |       |       |       ||    31
         Troll leather arm |       |       |       |       |    43 |    31 |    73 ||   147
  Dodge: Dodged            |    10 |     3 |    25 |   104 |   154 |   183 |   283 ||   762
         Repelled          |       |       |       |       |       |    22 |     8 ||    30
  Block: Kite shield       |       |       |       |    12 |   158 |   217 |   348 ||   735
         Reflection        |       |       |       |       |       |    23 |    43 ||    66

Table legend: (Time is in decaauts)
 A = Elapsed time spent in this place.
 B = Non-inter-level travel time spent in this place.
 C = Inter-level travel time spent in this place.
 D = Time resting spent in this place.
 E = Time spent auto-exploring this place.
 F = Levels seen in this place.
 G = Mean time per level.
                   A        B        C        D        E       F      G
               +--------+--------+--------+--------+--------+-----+--------+
         Total |  41254 |  35741 |   5513 |   3795 |  19077 |  39 | 1057.8 |
       Dungeon |  17885 |  15507 |   2378 |   2121 |   9248 |  15 | 1192.3 |
        Temple |    176 |    147 |     29 |      0 |    132 |   1 |  176.0 |
          Lair |   7738 |   6168 |   1570 |    170 |   4010 |   5 | 1547.6 |
        Shoals |   4134 |   3671 |    463 |    171 |   1960 |   4 | 1033.5 |
     Snake Pit |   4874 |   4311 |    563 |    569 |   1797 |   4 | 1218.5 |
  Orcish Mines |   1198 |   1150 |     48 |    110 |    627 |   2 |  599.0 |
        Vaults |   3606 |   3145 |    461 |    312 |   1201 |   3 | 1202.0 |
         Abyss |    106 |    106 |      0 |     31 |      0 |   1 |  106.0 |
        Bazaar |     63 |     63 |      0 |      0 |      0 |   1 |   63.0 |
       Ossuary |    525 |    525 |      0 |    189 |     53 |   1 |  525.0 |
    Desolation |    425 |    425 |      0 |     78 |      0 |   1 |  425.0 |
      Gauntlet |    518 |    518 |      0 |     44 |     49 |   1 |  518.0 |
               +--------+--------+--------+--------+--------+-----+--------+

Top non-repeatable levels by time:
 Snake:4: 2357 daAuts
  Lair:5: 2155 daAuts
     D:5: 1999 daAuts
Vaults:1: 1934 daAuts
     D:9: 1889 daAuts
    D:10: 1871 daAuts
  Lair:4: 1609 daAuts
Vaults:2: 1584 daAuts
  Lair:1: 1570 daAuts
  Lair:3: 1496 daAuts
    D:14: 1379 daAuts
     D:6: 1354 daAuts
Shoals:4: 1187 daAuts
     D:7: 1147 daAuts
Shoals:2: 1088 daAuts
